 Dungeon Crawl Stone Soup version 0.18.1-50-g88ac8fd (webtiles) character file.

79 graki42 the Chopper (level 4, 37/37 HPs)
             Began as a Minotaur Gladiator on Oct 6, 2016.
             Quit the game on level 2 of the Dungeon.
             The game lasted 00:03:20 (1564 turns).

graki42 the Chopper (Minotaur Gladiator)            Turns: 1564, Time: 00:03:21

Health: 37/37      AC:  6    Str: 20    XL:     4   Next: 17%
Magic:  3/3        EV: 11    Int:  5    God:
Gold:   66         SH:  0    Dex: 11    Spells: 0 memorised, 3 levels left

rFire  . . .     SeeInvis .     n - +2 whip (venom)
rCold  . . .     Gourm    .     m - +0 scale mail
rNeg   . . .     Faith    .     (no shield)
rPois  .         Spirit   .     c - +0 hat
rElec  .         Dismiss  .     (no cloak)
rCorr  .         Reflect  .     (no gloves)
SustAt .         Harm     .     (no boots)
MR     .....                    (no amulet)
Stlth  ..........               (no ring)
                                (no ring)

@: starving, not resistant to hostile enchantments, extremely unstealthy
A: retaliatory headbutt, horns 2
a: no special abilities


You were on level 2 of the Dungeon.
You were starving.

You visited 1 branch of the dungeon, and saw 2 of its levels.

You collected 66 gold pieces.

Inventory:

Hand Weapons
 a - a +0 war axe
 n - a +2 whip of venom (weapon)
Missiles
 d - 3 throwing nets (quivered)
Armour
 c - a +0 hat (worn)
 m - a +0 scale mail (worn)
Scrolls
 b - a scroll of fog {unknown}
 e - a scroll of remove curse {unknown}
 i - a scroll of magic mapping {unknown}
 j - a scroll of teleportation {unknown}
 k - 4 scrolls of identify {unknown}
 o - a scroll of enchant weapon {unknown}
Potions
 h - 2 potions of flight {unknown}
 p - a potion of curing {unknown}
 r - 2 potions of agility {unknown}
Comestibles
 f - 2 bread rations
 g - a beef jerky
 l - 3 fruits
 q - a meat ration


   Skills:
 + Level 2.8 Fighting
 + Level 4.6 Axes
 + Level 0.2(2.8) Maces & Flails
 + Level 2.2 Throwing
 + Level 1.4 Armour
 + Level 4.1 Dodging


You had 3 spell levels left.
You didn't know any spells.

Dungeon Overview and Level Annotations

Branches:
Dungeon (2/15)

Altars:


Innate Abilities, Weirdness & Mutations

You reflexively headbutt those who attack you in melee.
You have a pair of horns on your head.


Message History

There is a stone staircase leading up here.
You open the door.
There is an open door here.
You are near starving!
You open the door.
There is an open door here.
There is an open door here.
There is an open door here.
There is an open door here.
There is a stone staircase leading up here.
You see here a giant gecko skeleton.
A quokka comes into view.
A quokka is nearby!
You see here a giant gecko skeleton.
You whack the quokka!
You kill the quokka!
You see here a kobold skeleton.
You are starving!
You need to eat something NOW!
Are you sure you want to abandon this character and quit the game? (Confirm with "yes".)

#..## ##...<...#
##...####.........
#.......+.........
##...####.........
#..## ##...†...# #÷##
##.....## #.# ##...##
###.### ##'##
#.@.#.##### #.#
#.........####.####
#.#.#..............
........##.###...###
#.##.###.###.##.....#
# #. ...# #.###...##
#.###.# #.# ##.## #.
#.# #.# ### ... ..#


There were no monsters in sight!

Vanquished Creatures
  3 adders (D:2)
  An ooze (D:1)
  2 giant geckos
  2 bats (D:2)
  4 goblins
  8 hobgoblins
  6 jackals
  6 kobolds
  2 quokkas (D:2)
  A ball python (D:2)
  3 giant newts
  5 rats (D:1)
43 creatures vanquished.

Notes
Turn   | Place    | Note
--------------------------------------------------------------
     0 | D:1      | graki42 the Minotaur Gladiator began the quest for the Orb.
     0 | D:1      | Reached XP level 1. HP: 18/18 MP: 0/0
    62 | D:1      | Reached XP level 2. HP: 15/25 MP: 1/1
   751 | D:1      | Reached XP level 3. HP: 30/30 MP: 2/2
  1029 | D:2      | Reached skill level 1 in Armour
  1062 | D:2      | Reached XP level 4. HP: 26/37 MP: 3/3
  1564 | D:2      | Quit the game

Skill      XL: |  1  2  3 |
---------------+----------+-----
Axes           | 4 |  4.6
Dodging        | 4 |  4.1
Armour         | 1 |  1.4
Fighting       | |  2.8
Maces & Flails | |  0.2
Throwing       | |  2.2

Action                   |  1- 3 |  4- 6 || total
-------------------------+-------+-------++-------
Melee: War axe           |    42 |       ||    42
       Headbutt          |    10 |     3 ||    13
       Whip              |    35 |    15 ||    50
Armor: Leather armour    |     6 |       ||     6
       Scale mail        |    23 |       ||    23
Dodge: Dodged            |    44 |     8 ||    52
